 Dungeon Crawl Stone Soup version 0.17-a0-1545-gc1bb672 (webtiles) character file.

100 Gorice the Digger (level 4, -1/30 HPs)
             Began as a Mummy Wanderer on July 18, 2015.
             Slain by an orc
             ... wielding a +0 trident
              (6 damage)
             ... on level 3 of the Dungeon.
             The game lasted 00:14:08 (2472 turns).

Gorice the Digger (Mummy Wanderer)                  Turns: 2472, Time: 00:14:08

Health: -1/30      AC:  3    Str: 13    XL:     4   Next: 46%
Magic:  3/8        EV: 10    Int: 17    God:
Gold:   88         SH:  0    Dex:  8    Spells: 1 memorised, 7 levels left

rFire  x . .     SeeInvis .     Z - 7 stones
rCold  + . .     Clarity  .     j - +0 leather armour
rNeg   + + +     SustAt   .     (no shield)
rPois  ∞         Gourm    .     (no helmet)
rElec  .         Spirit   .     (no cloak)
rCorr  .         Warding  .     (no gloves)
rMut   .         Stasis   .     (no boots)
MR     .....                    (no amulet)
Stlth  +.........               (no ring)
                                (no ring)

@: very slightly contaminated, not resistant to hostile enchantments, very
unstealthy
A: no food or potions, fire vulnerability, cold resistance 1, negative energy
resistance 3, torment resistance, unbreathing
a: no special abilities


You were on level 3 of the Dungeon.
You were not hungry.

You visited 1 branch of the dungeon, and saw 3 of its levels.

You collected 88 gold pieces.

Inventory:

Hand weapons
 a - a +2 trident of protection
   (You found it on level 2 of the Dungeon)
 b - a +3 dagger
 f - a +0 hunting sling
 v - a +0 dagger of venom
   (You took it off a kobold on level 2 of the Dungeon)
Missiles
 i - 21 bolts
 Z - 7 stones (in hand)
Armour
 e - a +0 robe
 j - a +0 leather armour (worn)
Scrolls
 d - a scroll of teleportation {!r}
 g - a scroll of blinking
 h - a scroll of magic mapping {!r}
 k - a scroll of enchant weapon
 l - a scroll of identify
Books
 c - Sif Muna's Almanac of Clay

   Spells                             Type                      Level
   a - Sandblast                      Earth                        1
   b - Passwall                       Transmutation/Earth          3


   Skills:
   Level 1.0 Axes
 - Level 1.5 Armour
 - Level 1.0 Stealth
   Level 1.0 Shields
 + Level 2.7 Spellcasting
   Level 1.5 Fire Magic
 * Level 3.1 Earth Magic


You had 7 spell levels left.
You knew the following spells:

 Your Spells              Type           Power        Failure   Level  Hunger
a - Sandblast             Erth           ##....       10%         1    N/A

Dungeon Overview and Level Annotations

Branches:
Dungeon (3/15)

Altars:


Innate Abilities, Weirdness & Mutations

You do not eat or drink.
Your flesh is vulnerable to fire.
You are immune to poison.
Your flesh is cold resistant.
You are immune to negative energy.
You are immune to unholy pain and torment.
You can survive without breathing.


Message History

* * * LOW HITPOINT WARNING * * *
Damage: 3 (max 7)
You are too injured to fight recklessly!
You can't drink.
Unknown command.
Wield which item (- for none, * to show all)? (? for menu, Esc to quit)
You feel less protected.
Z - 11 stones (in hand)
Casting: Sandblast
Confirm with . or Enter, or press ? or * to list all spells.
Aiming: Sandblast
Press: ? - help, Shift-Dir - straight line, f - orc
Aim: an orc (almost dead)
The rocky blast misses the orc.
The rocky blast hits the orc.
The orc closely misses you. The orc hits you.
* * * LOW HITPOINT WARNING * * *
Damage: 3 (max 7)
Casting: Sandblast
Confirm with . or Enter, or press ? or * to list all spells.
Aiming: Sandblast
Press: ? - help, Shift-Dir - straight line, f/p - orc
Aim: an orc (almost dead)
The rocky blast hits the orc.
You kill the orc!
The orc closely misses you.
Casting: Sandblast
Confirm with . or Enter, or press ? or * to list all spells.
Aiming: Sandblast
Press: ? - help, Shift-Dir - straight line, f - orc
Aim: an orc, wielding a trident and wearing a scale mail The rocky blast hits the orc.
The orc barely misses you.
Casting: Sandblast
Confirm with . or Enter, or press ? or * to list all spells.
Aiming: Sandblast
Press: ? - help, Shift-Dir - straight line, f/p - orc
Aim: an orc, wielding a trident and wearing a scale mail The rocky blast misses the orc.
The orc hits you from afar with a trident.
* * * LOW HITPOINT WARNING * * *
Damage: 2 (max 7)
Casting: Sandblast
Confirm with . or Enter, or press ? or * to list all spells.
Aiming: Sandblast
Press: ? - help, Shift-Dir - straight line, f/p - orc
Aim: an orc, wielding a trident and wearing a scale mail You miscast Sandblast.
You are very lightly contaminated with residual magic.
The floor shifts beneath you alarmingly!
The orc hits you from afar with a trident.
You die...

..#. ##. ...##.o
#.... #...#
####..o##
#......o###
#....#....#
#....###..######
#... #...o)@.#
#... #..####.#
#.. ##)## =##
### #..###..##.
##..†......
##..########
#...###
......#...#
..#######.###


You could see an orc.

Vanquished Creatures
  3 adders (D:2)
  2 worms (D:2)
  4 giant geckos
  5 orcs (D:3)
  2 giant cockroaches
  7 goblins
  8 hobgoblins
  4 jackals (D:2)
  A ball python (D:1)
  5 bats
  A giant newt (D:2)
  10 kobolds
  7 rats
59 creatures vanquished.

Notes
Turn   | Place    | Note
--------------------------------------------------------------
     0 | D:1      | Gorice the Mummy Wanderer began the quest for the Orb.
     0 | D:1      | Gorice set off with: a +2 dagger, a scroll of blinking, Sif Muna's Almanac of Clay, a scroll of teleportation {!r}, a +0 robe
     0 | D:1      | Reached XP level 1. HP: 13/13 MP: 3/3
     0 | D:1      | Identified Sif Muna's Almanac of Clay
     2 | D:1      | Learned a level 1 spell: Sandblast
   194 | D:1      | HP: 3/13 [kobold/stone (2)]
   612 | D:1      | Reached XP level 2. HP: 19/19 MP: 1/5
   967 | D:1      | Reached skill level 2 in Earth Magic
  1281 | D:1      | Reached XP level 3. HP: 20/24 MP: 4/6
  1916 | D:2      | Reached XP level 4. HP: 23/30 MP: 5/7
  2112 | D:2      | Reached skill level 3 in Earth Magic
  2466 | D:3      | HP: 9/30 [orc (3)]
  2471 | D:3      | HP: 5/30 [orc/trident (2)]
  2472 | D:3      | Slain by an orc

Vault maps used:
D:1:      tarquinn_simple_flora_water_a
D:2:      first_bread
D:3:      uniq_robin, uniq_sigmund, uniq_terence

Action                   |  1- 3 |  4- 6 || total
-------------------------+-------+-------++-------
Melee: Dagger            |    53 |       ||    53
       Trident           |    33 |    59 ||    92
 Cast: Sandblast         |    57 |     5 ||    62
  Use: Scroll            |     6 |     1 ||     7
 Stab: Sleeping          |     3 |     1 ||     4

Table legend:
 A = Turns spent in this place as a percentage of turns spent in the entire game.
 B = Non-inter-level travel turns spent in this place as a percentage of non-inter-level travel turns spent in the entire game.
 C = Inter-level travel turns spent in this place as a percentage of turns spent in this place.
 D = Turns resting spent in this place as a percentage of non-inter-level travel turns spent in this place.
 E = Turns spent auto-exploring this place as a percentage of non-inter-level travel turns spent in this place.
 F = Non-inter-level travel turns spent in this place divided by the number of levels of this place that you've seen.
                   A       B       C       D       E      F
               +-------+-------+-------+-------+-------+----------------------
         Total | 100.0 | 100.0 |   0.2 |   6.9 |   6.2 | 311.3
       Dungeon | 100.0 | 100.0 |   0.2 |   6.9 |   6.2 | 311.3
               +-------+-------+-------+-------+-------+----------------------

Vault maps used:
D:1:      tarquinn_simple_flora_water_a
D:2:      first_bread
D:3:      uniq_robin, uniq_sigmund, uniq_terence
